AoeStats
← Mf MelloMike

Arena

508657295Analyzed
1v1 RM · 9d ago on Sep 23, 2026· 58m 29s· 2 players
Game mode
Random Map
Map size
Tiny (2 player)
Population
200
Speed
Normal
Resources
Standard
Victory
Conquest
Starting age
Dark Age
Ending age
Imperial Age
RankedLock teamsTeams togetherTeam positionsShared explorationLock speedFull tech treeHidden civsTurbo modeCheats
Victory
Defeat
🇨🇦 Vikings · Canada
649
+18
🇺🇸 Bengalis · United States
690
-18
blackmonkey
11:20 Feudal Age
11:45 Double-Bit Axe
12:28 Horse Collar
18:11 Castle Age
17:23 Forging
17:09 Stone Mining
19:07 Bow Saw
19:01 Heavy Plow
19:06 Loom
24:14 Town Watch
24:23 Gold Mining
26:52 Town Patrol
27:12 Forging
27:16 Squires
28:28 Gold Shaft Mining
28:16 Scale Mail Armor
30:16 Iron Casting
29:41 Scale Mail Armor
33:18 Chain Mail Armor
36:25 Imperial Age
33:59 Man-at-Arms
35:04 Fletching
35:15 Padded Archer Armor
35:35 Town Patrol
35:19 Crossbowman
35:26 Long Swordsman
36:38 Two-Handed Swordsman
38:44 Chemistry
38:05 Ballistics
38:59 Blast Furnace
37:55 Bodkin Arrow
38:15 Leather Archer Armor
38:35 Plate Mail Armor
38:41 Conscription
38:29 Arbalester
40:27 Bogsveigar
40:28 Arson
41:20 Bracer
41:36 Leather Archer Armor
41:07 Champion
43:26 Chemistry
47:52 Ring Archer Armor
47:54 Elite Skirmisher
Mf MelloMike
5:38 Loom
9:22 Feudal Age
10:49 Double-Bit Axe
13:25 Wheelbarrow
15:10 Horse Collar
19:34 Castle Age
17:47 Fletching
18:45 Gold Mining
23:10 Padded Archer Armor
23:07 Bodkin Arrow
26:10 Stone Mining
29:13 Leather Archer Armor
32:23 Imperial Age
32:17 Paiks
35:25 Gold Shaft Mining
36:00 Ballistics
35:23 Elite Elephant Archer
40:04 Chemistry
41:06 Bracer
41:37 Ring Archer Armor
45:44 Elite Skirmisher
54:43 Bow Saw
54:11 Pikeman
54:52 Halberdier
57:32 Forging
57:24 Scale Mail Armor
Connection lost

Rejoining the realm…

Still unreachable

The connection could not be restored.

Session expired

The server has moved on; the page needs a fresh start.